 Dungeon Crawl Stone Soup version 0.27.1-34-g3ba077fa99 (webtiles) character file.

Game seed: 13234818200045390342

277 Descartes the Grasshopper (level 6, 0/44 HPs)
             Began as a Formicid Warper on Jan 13, 2022.
             Slain by an iguana (3 damage)
             ... on level 4 of the Dungeon.
             The game lasted 00:06:20 (4155 turns).

Descartes the Grasshopper (Formicid Warper)         Turns: 4155, Time: 00:06:21

Health: 0/44       AC: 10    Str: 17    XL:     6   Next: 50%
Magic:  9/9        EV:  7    Int: 13    God:
Gold:   258        SH:  0    Dex: 10    Spells: 9/9 levels left

rFire    . . .     SeeInvis +   q - +5 club
rCold    . . .     Faith    .   (no shield)
rNeg     . . .     Spirit   .   e - +0 chain mail
rPois    .         Reflect  .   (helmet unavailable)
rElec    .         Harm     .   (no cloak)
rCorr    .         Rampage  .   a - +0 pair of gloves
Will     +....                  (no boots)
Stlth    ..........             (no amulet)
HPRegen  0.14/turn              w - ring of willpower
MPRegen  0.11/turn              (no ring)

@: no status effects
A: permanent stasis, dig shafts and tunnels, antennae 3, four strong arms
a: Dig, Shaft Self


You were on level 4 of the Dungeon.
You visited 1 branch of the dungeon, and saw 4 of its levels.

You collected 258 gold pieces.

Inventory:

Hand Weapons
 q - a +5 club (weapon)
Missiles
 c - 5 boomerangs of dispersal (quivered)
 l - 10 poisoned darts
 n - 68 arrows
 o - 106 stones
 v - 19 sling bullets
Armour
 a - a +0 pair of gloves (worn)
 e - a +0 chain mail (worn)
Jewellery
 w - a ring of willpower (left hand)
Scrolls
 b - 2 scrolls of fear {unknown}
 f - a scroll of silence {unknown}
 g - 3 scrolls of enchant weapon {unknown}
 i - 2 scrolls of blinking {unknown}
 j - 3 scrolls of identify {unknown}
 m - 2 scrolls of teleportation {unknown}
 p - 3 scrolls of vulnerability {unknown}
 r - a scroll of torment {unknown}
 s - 2 scrolls of magic mapping {unknown}
Potions
 d - 2 potions of curing {unknown}
 h - a potion of lignification {unknown}
 k - a potion of haste {unknown}
 t - a potion of invisibility {unknown}
 u - a potion of mutation {unknown}
 x - a potion of degeneration {unknown}


   Skills:
 - Level 2.1 Fighting
 - Level 2.0 Maces & Flails
 - Level 1.0 Throwing
 + Level 4.7 Armour
 - Level 1.7 Dodging
 - Level 2.1 Spellcasting
 + Level 4.8 Translocations


You had 9 spell levels left.
You didn't know any spells.
Your spell library contained the following spells:

 Spells                   Type           Power      Damage    Failure   Level
 Gell's Gravitas          Tloc           6%         N/A       80%         3
 Lesser Beckoning         Tloc           6%         N/A       80%         3
 Teleport Other           Tloc           13%        N/A       80%         3
 Corpse Rot               Necr/Air       N/A        N/A       99%         2
 Dispel Undead            Necr           1%         3d6       100%        4
 Manifold Assault         Tloc           13%        N/A       100%        5
 Death Channel            Necr           0%         N/A       100%        6
 Blink                    Tloc           Unusable   N/A       N/A         2

Dungeon Overview and Level Annotations

Branches:
Dungeon (4/15)
 Temple: D:4-7

Altars:

Shops:
D:1 !*=!


Innate Abilities, Weirdness & Mutations

You cannot be hasted, slowed, berserked, paralysed or teleported.
You can dig through walls and to a lower floor.
You have a pair of large antennae on your head. (SInv)
Your four strong arms can wield two-handed weapons with a shield.


Message History

You are too injured to fight recklessly!
You are too injured to fight recklessly!
You are too injured to fight recklessly!
You are too injured to fight recklessly!
You are too injured to fight recklessly!
You are too injured to fight recklessly!
You are too injured to fight recklessly!
You are too injured to fight recklessly!
You are too injured to fight recklessly!
A dart slug is nearby!
Unknown command.
A hobgoblin comes into view.
The dart slug bites you.
You thump the dart slug!
The dart slug is severely wounded.
The dart slug bites you but does no damage.
Your chain mail prevents you from hitting the dart slug.
The dart slug is severely wounded.
The dart slug bites you but does no damage.
You hit the dart slug.
The dart slug is almost dead.
You hit the dart slug but do no damage.
The dart slug is almost dead.
The dart slug completely misses you.
An iguana comes into view.
The iguana hisses angrily.
You hit the dart slug.
You kill the dart slug!
The hobgoblin hits you but does no damage.
Found an escape hatch in the ceiling.
The hobgoblin barely misses you.
You see here a dart slug corpse.
The hobgoblin hits you.
You hit the hobgoblin.
You kill the hobgoblin!
You closely miss the iguana. The iguana bites you!
* * * LOW HITPOINT WARNING * * *
You sock the iguana!
The iguana is heavily wounded.
The iguana bites you.
You die...

.. #.. .. ....... #.##
..# .......#####..##..#.
##........#..........
...........#..........
.$....................
.............l.........
.#........)..).@........
.#..............†.......
#.##......?....##........
..#.......>.#...#..#.....
#...................###..
#.............##.##... <
..................#....
..................#...#.
......................#


You could see an iguana.

Vanquished Creatures
  A howler monkey (D:3)
  A hound (D:3)
  Jessica (D:2)
  A hound skeleton (D:4)
  Robin (D:3)
  4 gnolls
  3 adders
  2 adder skeletons
  4 worms
  5 dart slugs
  3 orcs (D:3)
  3 bats
  3 endoplasms
  4 giant cockroaches
  8 goblins
  6 hobgoblins
  11 ball pythons
  3 frilled lizards
  6 kobolds
  3 rats
73 creatures vanquished.

Vanquished Creatures (others)
  A kobold (D:4)
1 creature vanquished.

Grand Total: 74 creatures vanquished

Notes
Turn   | Place    | Note
-------+----------+-------------------------------------------
     0 | D:1      | Descartes the Formicid Warper began the quest for the Orb.
     0 | D:1      | Reached XP level 1. HP: 16/16 MP: 3/3
    73 | D:1      | Found Otoppaopn's Jewellery Shoppe.
   308 | D:1      | Reached XP level 2. HP: 20/22 MP: 5/5
   355 | D:1      | Found Bairoxt's Assorted Antiques.
   560 | D:1      | Found Libil's Distillery.
   720 | D:1      | Found Kuokink's Distillery.
   986 | D:2      | Reached XP level 3. HP: 23/27 MP: 6/6
  1625 | D:2      | Reached XP level 4. HP: 33/33 MP: 7/7
  1759 | D:2      | Noticed Jessica
  1765 | D:2      | Killed Jessica
  2379 | D:3      | Noticed Robin
  2385 | D:3      | Reached XP level 5. HP: 33/38 MP: 8/8
  2391 | D:3      | Killed Robin
  3416 | D:3      | Reached XP level 6. HP: 20/44 MP: 9/9
  4155 | D:4      | Slain by an iguana

Illustrated notes

Levels and vault maps discovered:
D:1:      lemuel_arrival_funnel, layout_loops_ring, serial_shops, shop_statue,
          nicolae_lakefront_shop, shop_coins, nicolae_diamond_shop,
          chequers_serial_rivers_marsh
D:2:      layout_basic, uniq_jessica
D:3:      layout_loops_ring, uniq_robin
D:4:      layout_cave_pools

Skill      XL: |  1  2  3  4  5 |
---------------+----------------+-----
Translocations | 3 4 |  4.8
Armour         | 2 3 4 |  4.7
Fighting       | |  2.1
Maces & Flails | |  2.0
Throwing       | |  1.0
Dodging        | |  1.7
Spellcasting   | |  2.1

Action                   |  1- 3 |  4- 6 || total
-------------------------+-------+-------++-------
Melee: Mace              |    81 |    21 ||   102
       Club              |       |   170 ||   170
Armor: Chain mail        |    54 |   134 ||   188
       Leather armour    |     1 |       ||     1
Dodge: Dodged            |    36 |    79 ||   115
